[Event "Titled Tuesday Blitz November 29 Late 2022"]
[White "Sabar, Ethmane Daouda"]
[Black "Aggelis, Nikolaos"]
[WhiteFideId "19600097"]
[BlackFideId "4213220"]
[WhiteElo "1950"]
[BlackElo "2189"]
[Result "1/2-1/2"]
[Round "03"]
[TimeControl "180+1"]
[Date "2022.11.30"]
[WhiteClock "0:00:12"]
[BlackClock "0:00:18"]

1. d4 d5 2. Nc3 c6 3. e4 dxe4 4. Nxe4 Nd7 5. Nf3 Ngf6 6. Qe2 e6 7. Bg5 Be7 8. O-O-O Nxe4 9. Bxe7 Qxe7 10. Qxe4 Nf6 11. Qd3 b6 12. Ne5 Bb7 13. Be2 Nd7 14. Bf3 Rc8 15. h4 O-O 16. g4 Nxe5 17. dxe5 Rfd8 18. Qe3 c5 19. Bxb7 Qxb7 20. h5 Rd5 21. Rxd5 Qxd5 22. Rd1 Qxa2 23. Rd7 Qa1+ 24. Kd2 Qa4 25. Qd3 Qf4+ 26. Ke1 Qxe5+ 27. Kf1 Rf8 28. h6 gxh6 29. Rxa7 Qd4 30. Qf3 Qxb2 31. Qf4 Qxc2 32. Qxh6 Qd1+ 33. Kg2 Qxg4+ 34. Kh2 Qg6 35. Qh4 Kg7 36. Ra1 Qh6 37. Rg1+ Qg6 38. Rxg6+ hxg6 39. Qc4 Rh8+ 40. Kg3 Rh5 41. Qb5 Rf5 42. Qxb6 Kf6 43. f4 Kg7 44. Qd8 Rf6 45. Qd6 Rf5 46. Qe7 Rd5 47. Kg4 Rf5 48. Qd6 Rd5 49. Qe7 Rf5 50. Qd6 Kf6 51. Qd8+ Kg7 52. Qd6 1/2-1/2


[Site "https://www.chess.com"]

[Event "Titled Tuesday Blitz November 29 Late 2022"]
[White "Sadhwani, Raunak"]
[Black "Putnam, Liam"]
[WhiteFideId "35093487"]
[BlackFideId "30938279"]
[WhiteElo "2983"]
[BlackElo "2745"]
[Result "1-0"]
[Round "03"]
[TimeControl "180+1"]
[Date "2022.11.30"]
[WhiteClock "0:01:43"]
[BlackClock "0:00:03"]

1. e4 c5 2. Nf3 d6 3. Bb5+ Nd7 4. a4 a6 5. Be2 Ngf6 6. Nc3 e6 7. O-O Be7 8. d4 cxd4 9. Qxd4 O-O 10. Rd1 Qc7 11. Be3 b6 12. Nd2 Bb7 13. Nc4 d5 14. Nxb6 e5 15. Ncxd5 exd4 16. Nxc7 Nxb6 17. Bxd4 Nbd7 18. Nxa8 Rxa8 19. f3 Rc8 20. c3 Nc5 21. Be3 h6 22. b4 Nb3 23. Rab1 Rxc3 24. Rd3 Rc2 25. Bd1 Rc7 26. Bxb3 Nd7 27. Rc1 Rxc1+ 28. Bxc1 Ne5 29. Rd4 Nc6 30. Rd7 Bc8 31. Rc7 1-0


[Site "https://www.chess.com"]

[Event "Titled Tuesday Blitz November 29 Late 2022"]
[White "Sadovsky, Artem"]
[Black "Gareyev, Timur"]
[WhiteFideId "4155840"]
[BlackFideId "14200937"]
[WhiteElo "2312"]
[BlackElo "2552"]
[Result "1-0"]
[Round "03"]
[TimeControl "180+1"]
[Date "2022.11.30"]
[WhiteClock "0:00:14"]
[BlackClock "0:00:14"]

1. Nf3 d6 2. e3 e5 3. d4 e4 4. Nfd2 Nf6 5. c4 Qe7 6. Nc3 g6 7. h3 h5 8. b3 Bg7 9. Bb2 Bf5 10. Be2 c6 11. Rc1 a5 12. Na4 Na6 13. a3 h4 14. c5 d5 15. Nb6 Ra7 16. Bc3 Nc7 17. Nf1 O-O 18. g4 hxg3 19. Nxg3 Qe6 20. h4 Bg4 21. h5 Nb5 22. Bb2 g5 23. h6 Bh8 24. Bxg4 Nxg4 25. Rh5 f6 26. a4 Nc7 27. Qe2 Kh7 28. Kd2 Rg8 29. Rg1 Na6 30. Nxe4 dxe4 31. Qxg4 f5 32. Qd1 Bf6 33. Kc1 Nb4 34. Nc4 Nd3+ 35. Kb1 b5 36. cxb6 Rb7 37. f4 g4 38. Qd2 Rgb8 39. Qxa5 Kh8 40. Qxf5 Qe7 41. Rxg4 Nxb2 42. Kxb2 Rxb6 43. Nxb6 Rxb6 44. Qc8+ Kh7 45. Qg8# 1-0


[Site "https://www.chess.com"]

[Event "Titled Tuesday Blitz November 29 Late 2022"]
[White "Salem, A.R. Saleh"]
[Black "Jaracz, Pawel"]
[WhiteFideId "9301348"]
[BlackFideId "1102222"]
[WhiteElo "2998"]
[BlackElo "2753"]
[Result "1-0"]
[Round "03"]
[TimeControl "180+1"]
[Date "2022.11.30"]
[WhiteClock "0:00:04"]
[BlackClock "0:00:07"]

1. d4 Nf6 2. c4 e6 3. Nc3 Bb4 4. a3 Bxc3+ 5. bxc3 c5 6. f3 d6 7. e4 Nc6 8. Be3 b6 9. Bd3 Na5 10. Ne2 Ba6 11. Ng3 Qd7 12. Qe2 Qa4 13. e5 dxe5 14. dxe5 Nd7 15. Bf2 Bxc4 16. Qe4 Rd8 17. O-O Qb5 18. Rfd1 Bxd3 19. Rxd3 Qc4 20. Rad1 Qxe4 21. Nxe4 Nc6 22. f4 Ndb8 23. Nd6+ Ke7 24. Bh4+ f6 25. exf6+ gxf6 26. Ne4 Rxd3 27. Bxf6+ Kf7 28. Rxd3 Rf8 29. g4 Kg6 30. g5 Rf7 31. Kg2 Rd7 32. Nd6 Na5 33. h4 h5 34. f5+ exf5 35. Kf3 Nc4 36. Nxc4 Rxd3+ 37. Kf4 Rh3 38. Ne5+ Kh7 39. g6+ Kg8 40. Kg5 Rh1 41. Nf7 Nd7 42. Nh6+ Kf8 43. g7+ Ke8 44. g8=Q+ Nf8 45. Qf7# 1-0


[Site "https://www.chess.com"]

[Event "Titled Tuesday Blitz November 29 Late 2022"]
[White "Santos Flores, Alberto"]
[Black "Djordjevic, Vuk"]
[WhiteFideId "3601234"]
[BlackFideId "902098"]
[WhiteElo "2235"]
[BlackElo "2456"]
[Result "0-1"]
[Round "03"]
[TimeControl "180+1"]
[Date "2022.11.30"]
[WhiteClock "0:00:02"]
[BlackClock "0:00:05"]

1. d4 Nf6 2. Nf3 e6 3. c4 b6 4. g3 Ba6 5. Nbd2 Bb4 6. b3 O-O 7. Bg2 Bb7 8. O-O c5 9. Bb2 cxd4 10. Bxd4 Nc6 11. Bb2 d5 12. Ne5 Nxe5 13. Bxe5 Qe7 14. Qc2 Rac8 15. Qb2 Bxd2 16. Qxd2 dxc4 17. Bxf6 gxf6 18. Bxb7 Qxb7 19. bxc4 Rxc4 20. Rfd1 Qe4 21. Qh6 Qg6 22. Qd2 Rc2 23. Qe3 Qg4 24. f3 Qc4 25. Rd2 Rxd2 26. Qxd2 Rc8 27. a4 Kg7 28. a5 b5 29. a6 b4 30. Qe3 Qc5 31. Kf2 b3 32. Rb1 Qxe3+ 33. Kxe3 Rb8 34. Kd4 Rb6 35. Kc3 Rxa6 36. Rxb3 Ra2 37. Kd3 a5 38. Rb7 f5 39. Ra7 Kf6 40. Ke3 Ra1 41. f4 a4 42. Kf2 h5 43. Kg2 h4 44. gxh4 Kg6 45. Kf2 a3 46. h3 a2 47. Ra8 f6 48. Kg2 Kh5 49. Rh8+ Kg6 50. Ra8 e5 51. e3 Kf7 52. Kh2 Kg6 53. Kg2 Kh7 54. Ra7+ Kh6 55. Ra8 Kg6 56. Kh2 Re1 57. Rxa2 Rxe3 58. fxe5 fxe5 59. Kg2 Kh5 60. Ra5 Kxh4 61. Ra8 f4 0-1


[Site "https://www.chess.com"]

[Event "Titled Tuesday Blitz November 29 Late 2022"]
[White "Sarana, Alexey"]
[Black "Papasimakopoulos, Alexandros"]
[WhiteFideId "24133795"]
[BlackFideId "4244125"]
[WhiteElo "3004"]
[BlackElo "2764"]
[Result "0-1"]
[Round "03"]
[TimeControl "180+1"]
[Date "2022.11.30"]
[WhiteClock "0:00:15"]
[BlackClock "0:00:30"]

1. c4 e6 2. Nc3 d5 3. d4 Be7 4. Nf3 Nf6 5. g3 b6 6. Bg2 Bb7 7. Ne5 O-O 8. O-O Nbd7 9. Qa4 c5 10. cxd5 cxd4 11. Nc6 Bxc6 12. dxc6 Nc5 13. Qc4 dxc3 14. b4 b5 15. Qxb5 Nce4 16. Bf4 Qd5 17. Qb7 e5 18. Bg5 h6 19. Bxf6 Bxf6 20. Rfd1 Qc4 21. c7 Nd2 22. Bd5 Qxe2 23. Rac1 e4 24. Qxa8 Rxa8 25. Bxa8 Qc4 26. Rxd2 Qxc7 27. Re2 Qb8 28. Bxe4 Qxb4 29. Rd1 g6 30. Kf1 h5 31. Bc2 h4 32. Bb3 Qb7 33. Rd5 h3 0-1


[Site "https://www.chess.com"]

[Event "Titled Tuesday Blitz November 29 Late 2022"]
[White "Sariego Figueredo, Wilfredo"]
[Black "Reprintsev, Alexander"]
[WhiteFideId "3500080"]
[BlackFideId "14100541"]
[WhiteElo "2309"]
[BlackElo "2230"]
[Result "0-1"]
[Round "03"]
[TimeControl "180+1"]
[Date "2022.11.30"]
[WhiteClock "0:00:11"]
[BlackClock "0:01:01"]

1. d4 d5 2. Bf4 Nf6 3. e3 c5 4. c3 Qb6 5. Qb3 c4 6. Qxb6 axb6 7. Na3 e5 8. Bxe5 Bxa3 9. bxa3 Nc6 10. Bd6 Ne4 11. Bb4 Nxb4 12. axb4 Nxc3 13. a3 Nb5 14. a4 Nc3 15. a5 Bf5 16. Ne2 Nxe2 17. Bxe2 bxa5 18. bxa5 b5 19. Kd2 Kd7 20. Kc3 Kc6 21. Kb4 Ra6 22. h4 Re8 23. Bf3 Be4 24. Bxe4 Rxe4 25. Rh3 f5 26. Rf3 g6 27. Rh1 Re7 28. h5 Rea7 29. Ra1 Rg7 30. hxg6 hxg6 31. g4 fxg4 32. Rf6+ Kb7 33. Rf4 Rc6 34. Rxg4 c3 35. Rc1 Rc4+ 36. Kxb5 Ka7 37. Rg5 Rb7# 0-1


[Site "https://www.chess.com"]

[Event "Titled Tuesday Blitz November 29 Late 2022"]
[White "Savic, Miroslav"]
[Black "Figorito, Nick"]
[WhiteFideId "14508494"]
[BlackFideId "30923689"]
[WhiteElo "2209"]
[BlackElo "2341"]
[Result "1/2-1/2"]
[Round "03"]
[TimeControl "180+1"]
[Date "2022.11.30"]
[WhiteClock "0:00:17"]
[BlackClock "0:00:18"]

1. Nf3 Nf6 2. c4 c6 3. d4 d5 4. e3 g6 5. Nc3 Bg7 6. b3 O-O 7. Ne5 Nbd7 8. f4 Nxe5 9. fxe5 Ne4 10. Nxe4 dxe4 11. Be2 c5 12. Bb2 Qa5+ 13. Qd2 Qxd2+ 14. Kxd2 Rd8 15. Kc2 cxd4 16. exd4 f6 17. exf6 exf6 18. d5 f5 19. g3 a5 20. a4 b6 21. Bxg7 Kxg7 22. Kc3 Kf6 23. Kd4 h5 24. Rhf1 Bb7 25. Rae1 Re8 26. Bd1 Rad8 27. Bc2 Kg5 28. Bd1 Re7 29. h4+ Kf6 30. Bc2 Kg7 31. Rf4 Rde8 32. Re3 Rd8 33. Kc3 Rc7 34. Kb2 Rcd7 35. Bd1 Rc7 36. Bxh5 gxh5 37. Rxf5 Kg6 38. Rg5+ Kh6 39. Rxe4 Bc8 40. Rf4 Rd6 41. Rf8 Bg4 42. Rh8+ Rh7 43. Rb8 Re7 44. Kc3 Rg7 45. Rh8+ Rh7 46. Rhg8 Rf6 47. Kd4 Re7 48. Rh8+ Rh7 49. Rhg8 Re7 50. Rh8+ Rh7 51. Rhg8 1/2-1/2


[Site "https://www.chess.com"]

[Event "Titled Tuesday Blitz November 29 Late 2022"]
[White "Seletsky, Grigory"]
[Black "Abrahamyan, Tatev"]
[WhiteFideId "14112191"]
[BlackFideId "13301918"]
[WhiteElo "2492"]
[BlackElo "2347"]
[Result "0-1"]
[Round "03"]
[TimeControl "180+1"]
[Date "2022.11.30"]
[WhiteClock "0:00:01"]
[BlackClock "0:00:27"]

1. e4 e6 2. d4 d5 3. exd5 exd5 4. Bd3 Bd6 5. Nf3 Bg4 6. c3 Ne7 7. Bg5 Qd7 8. Nbd2 Nbc6 9. Qc2 O-O-O 10. O-O-O f6 11. Bh4 Nf5 12. Bg3 Bxg3 13. hxg3 h5 14. Rde1 Nd6 15. Nh2 Be6 16. Re2 Kb8 17. Ree1 Na5 18. b3 Bf5 19. Bxf5 Nxf5 20. Nhf3 Nd6 21. Re2 Rc8 22. Rhe1 Nf5 23. Kb1 c5 24. dxc5 Rxc5 25. Qd3 Rhc8 26. Rc1 R5c6 27. Ree1 Rb6 28. Nd4 Nd6 29. Ka1 Ra6 30. Qe2 Qc7 31. Qe7 Qb6 32. Re6 Qc5 33. Qxg7 Nc6 34. Nxc6+ Qxc6 35. Qxf6 Qc5 36. Rc2 d4 37. Re2 d3 0-1


[Site "https://www.chess.com"]

[Event "Titled Tuesday Blitz November 29 Late 2022"]
[White "Shankland, Sam"]
[Black "Aguilar, Juan"]
[WhiteFideId "2004887"]
[BlackFideId "3800091"]
[WhiteElo "2612"]
[BlackElo "2522"]
[Result "1/2-1/2"]
[Round "03"]
[TimeControl "180+1"]
[Date "2022.11.30"]
[WhiteClock "0:00:42"]
[BlackClock "0:00:09"]

1. d4 Nf6 2. c4 g6 3. Nc3 d5 4. Nf3 Bg7 5. Qb3 dxc4 6. Qxc4 O-O 7. e4 a6 8. Be2 b5 9. Qb3 c5 10. dxc5 Be6 11. Qc2 Nc6 12. O-O Qc7 13. h3 Rfd8 14. Be3 Nb4 15. Qb1 Bc4 16. Bxc4 bxc4 17. Nd2 Nd7 18. a3 Bxc3 19. bxc3 Nd3 20. Nxc4 N7xc5 21. Qb6 Qxb6 22. Nxb6 Rab8 23. Nd5 Rd7 24. Rfd1 Kg7 25. f3 Rb2 26. Nb4 a5 27. Nxd3 Nxd3 28. Bd4+ Rxd4 29. cxd4 Nf4 30. Kh1 Rxg2 31. Rg1 Re2 32. h4 Rf2 33. Raf1 Rc2 34. Rg4 Ne6 35. d5 Nc5 36. Rg2 Rc3 37. h5 Nd3 38. hxg6 hxg6 39. Kh2 Rxa3 40. Rd2 Nf4 41. Kg3 Nd3 42. Re2 Ne5 43. Kg2 g5 44. f4 gxf4 45. Rxf4 a4 46. Rc2 Rb3 47. Rc7 Ng6 48. Rf2 a3 49. d6 exd6 50. Rcxf7+ Kh6 51. R7f6 Rb2 52. Rxd6 Kg5 53. Kg3 Rxf2 54. Kxf2 a2 55. Ra6 Kf4 56. Rxa2 Kxe4 57. Kg3 Kf5 58. Ra5+ Kf6 59. Kg4 Ne5+ 60. Kf4 Ng6+ 61. Ke4 Ne7 62. Ra6+ Kf7 63. Rb6 Ng6 64. Kf5 Ne7+ 65. Kg5 Nd5 66. Rd6 Ne7 67. Kf4 Nc8 68. Ra6 Ne7 69. Ke5 Ng6+ 70. Kd5 Ne7+ 71. Ke4 Ng6 72. Rxg6 Kxg6 1/2-1/2


[Site "https://www.chess.com"]

[Event "Titled Tuesday Blitz November 29 Late 2022"]
[White "Shapiro, Daniel"]
[Black "Vargas, Mauricio"]
[WhiteFideId "2001780"]
[BlackFideId "4404572"]
[WhiteElo "2318"]
[BlackElo "2025"]
[Result "1-0"]
[Round "03"]
[TimeControl "180+1"]
[Date "2022.11.30"]
[WhiteClock "0:00:14"]
[BlackClock "0:00:01"]

1. d4 d5 2. c4 c6 3. Nf3 e6 4. Qc2 Nf6 5. g3 Nbd7 6. Bg2 Ne4 7. O-O f5 8. Nc3 Bd6 9. Bf4 Bxf4 10. gxf4 O-O 11. e3 Rf6 12. Ne5 Rh6 13. f3 Qh4 14. fxe4 Qxh2+ 15. Kf2 fxe4 16. Rh1 Nf6 17. Rxh2 Rxh2 18. Kg1 Rh6 19. c5 b5 20. Nxc6 Bd7 21. Ne5 Be8 22. c6 a6 23. Rf1 Nh5 24. Kf2 Nf6 25. Rh1 Bh5 26. Bh3 Ne8 27. Qb3 Nd6 28. Nxd5 Nc4 29. Nxc4 bxc4 30. Qxc4 exd5 31. Qxd5+ Bf7 32. Qxe4 Re8 33. c7 Rxe4 34. c8=Q+ Re8 35. Qc3 Rf6 36. Bg2 h6 37. d5 Bg6 38. Rd1 Rf7 39. d6 Rf6 40. Bd5+ Kh7 41. Bb3 Rd8 42. Bc2 Rfxd6 43. Bxg6+ Kxg6 44. Qc2+ Kf7 45. Qf5+ Kg8 46. Rxd6 Rxd6 47. Qc2 1-0


[Site "https://www.chess.com"]

[Event "Titled Tuesday Blitz November 29 Late 2022"]
[White "Sivakumar, Shaaketh"]
[Black "Donchenko, Alexander"]
[WhiteFideId "30940176"]
[BlackFideId "24603295"]
[WhiteElo "2174"]
[BlackElo "2572"]
[Result "0-1"]
[Round "03"]
[TimeControl "180+1"]
[Date "2022.11.30"]
[WhiteClock "0:02:16"]
[BlackClock "0:02:31"]

1. e4 c6 2. Nf3 d5 3. exd5 cxd5 4. d4 Nc6 5. Bf4 Bg4 6. c3 e6 7. Nbd2 Bd6 8. Bxd6 Qxd6 9. Bd3 Nf6 10. O-O O-O 11. h3 Bh5 12. Qc2 Bg6 13. Bxg6 hxg6 14. Qd3 Rab8 15. b3 b5 16. Rac1 Rfc8 17. Rfd1 Qa3 18. Rc2 a5 19. Nb1 Qe7 20. Ne5 Nxe5 21. dxe5 Ne4 22. Nd2 Nc5 23. Qd4 Qc7 24. Rdc1 Nd7 25. a4 Qxe5 26. Nf3 Qxd4 27. Nxd4 bxa4 28. bxa4 Rc4 29. Ra2 Rbc8 30. Nb5 R8c6 31. Rd1 Nc5 32. Nd4 Rc8 33. Nb5 Rxa4 34. Rxa4 Nxa4 35. Ra1 Nxc3 36. Rxa5 Nxb5 37. Rxb5 g5 38. g3 Kh7 39. Kg2 Kg6 40. Rb4 Rc3 41. Rd4 Kf6 42. Rd2 Ke5 43. Re2+ Kd6 44. h4 gxh4 45. gxh4 d4 46. Re4 e5 47. Rg4 g6 48. f3 Rc2+ 49. Kf1 Rh2 50. Kg1 Ra2 51. Kf1 Ke6 52. Ke1 Kf5 53. Kd1 Rh2 54. Ke1 Ke6 55. Kf1 Kd5 56. Kg1 Ra2 57. Kf1 Kc4 58. Ke1 Kc3 59. Re4 d3 60. Rxe5 Ra1+ 61. Kf2 d2 62. Rc5+ Kd4 63. Ra5 Rxa5 0-1


[Site "https://www.chess.com"]

[Event "Titled Tuesday Blitz November 29 Late 2022"]
[White "Sokolovsky, Yahli"]
[Black "Vysochin, Spartak"]
[WhiteFideId "2820242"]
[BlackFideId "14103516"]
[WhiteElo "2316"]
[BlackElo "2412"]
[Result "1-0"]
[Round "03"]
[TimeControl "180+1"]
[Date "2022.11.30"]
[WhiteClock "0:00:04"]
[BlackClock "0:00:02"]

1. b3 d5 2. e3 e5 3. Bb2 Bd6 4. c4 c6 5. Nc3 d4 6. exd4 exd4 7. Ne4 Bc7 8. Bd3 Nd7 9. Nf3 f5 10. Neg5 Nc5 11. Qe2+ Qe7 12. O-O-O Qxe2 13. Bxe2 d3 14. Bf1 Nf6 15. Re1+ Kf8 16. b4 Nce4 17. Nh3 Ng4 18. Bd4 a5 19. b5 c5 20. Be3 Be6 21. Bxd3 Nxe3 22. Rxe3 Rd8 23. Bxe4 fxe4 24. Rxe4 Bf5 25. Re3 Kf7 26. Nhg5+ Kf6 27. Ne4+ Bxe4 28. Rxe4 Rd3 29. Rhe1 Rhd8 30. Re6+ Kf5 31. R1e4 Bf4 32. g4+ Kxg4 33. Ne5+ Kf5 34. Nxd3 Rxd3 35. Re2 Rd4 36. Re7 Rxc4+ 37. Kd1 Ra4 38. Rf7+ Kg4 39. Rxb7 Rxa2 40. b6 Kf3 41. Rbe7 Ra1+ 42. Kc2 Ra2+ 43. Kb3 Rxd2 44. Rxd2 Bxd2 45. b7 Bf4 46. Rf7 g5 47. b8=Q 1-0


[Site "https://www.chess.com"]

[Event "Titled Tuesday Blitz November 29 Late 2022"]
[White "Stanisz, Patryk"]
[Black "Karas, Marek"]
[WhiteFideId "1123106"]
[BlackFideId "14928558"]
[WhiteElo "2069"]
[BlackElo "2220"]
[Result "0-1"]
[Round "03"]
[TimeControl "180+1"]
[Date "2022.11.30"]
[WhiteClock "0:00:02"]
[BlackClock "0:00:12"]

1. d4 h5 2. c4 h4 3. h3 d6 4. Nc3 e5 5. Nf3 exd4 6. Nxd4 Nc6 7. e4 g6 8. Be3 Bg7 9. Be2 Nf6 10. Qd2 Nxd4 11. Bxd4 c6 12. O-O-O Qe7 13. Bf3 Be6 14. b3 c5 15. Be3 Nd7 16. Kc2 a6 17. Bg5 Bf6 18. Bxf6 Qxf6 19. Qxd6 Qe5 20. Be2 Qxd6 21. Rxd6 O-O 22. f4 Nb8 23. Na4 Nc6 24. Nxc5 Bc8 25. Rhd1 Re8 26. e5 g5 27. fxg5 Rxe5 28. Bf3 Rxc5 29. g6 Bf5+ 30. Kc3 Bxg6 0-1


[Site "https://www.chess.com"]

[Event "Titled Tuesday Blitz November 29 Late 2022"]
[White "Suder, Jakub"]
[Black "D`Arruda, Ricardo D."]
[WhiteFideId "1195310"]
[BlackFideId "100692"]
[WhiteElo "2243"]
[BlackElo "2469"]
[Result "1-0"]
[Round "03"]
[TimeControl "180+1"]
[Date "2022.11.30"]
[WhiteClock "0:00:16"]
[BlackClock "0:00:09"]

1. d4 Nf6 2. c4 e5 3. dxe5 Ne4 4. Nf3 Nc6 5. Nbd2 Nc5 6. Nb3 Nxb3 7. Qxb3 Bb4+ 8. Bd2 Bxd2+ 9. Kxd2 O-O 10. Rd1 Qe7 11. Qc3 Re8 12. Kc1 Nxe5 13. Nxe5 Qxe5 14. Qxe5 Rxe5 15. e3 d6 16. Be2 Be6 17. Kc2 a5 18. Kc3 Rc5 19. Rd4 b5 20. Rc1 Rb8 21. b3 Kf8 22. Kd2 bxc4 23. Bxc4 Ke7 24. Bxe6 Rxc1 25. Kxc1 fxe6 26. Ra4 Rb5 27. Kd2 e5 28. f4 Ke6 29. g4 g6 30. Kd3 d5 31. fxe5 Kxe5 32. g5 c5 33. Rh4 Rb7 34. Rf4 Rb4 35. Rf7 Rh4 36. Re7+ Kd6 37. Ra7 Rxh2 38. Ra6+ Ke5 39. Rxa5 Kd6 40. a4 Rh3 41. Ra6+ Ke5 42. Rc6 Rg3 43. a5 Rxg5 44. Rxc5 Rg1 45. b4 Rd1+ 46. Kc2 Re1 47. a6 Rf1 48. a7 Rf8 49. b5 Kd6 50. Rc3 Rf2+ 51. Kb3 Ra2 52. Kxa2 1-0


[Site "https://www.chess.com"]

[Event "Titled Tuesday Blitz November 29 Late 2022"]
[White "Szalay, Karoly"]
[Black "Dias, Joao Batista"]
[WhiteFideId "2600544"]
[BlackFideId "2108240"]
[WhiteElo "2540"]
[BlackElo "1898"]
[Result "1-0"]
[Round "03"]
[TimeControl "180+1"]
[Date "2022.11.30"]
[WhiteClock "0:01:24"]
[BlackClock "0:00:28"]

1. e4 c5 2. Nf3 Nc6 3. d4 cxd4 4. Nxd4 g6 5. Nc3 Bg7 6. Be3 Nf6 7. Bc4 O-O 8. Bb3 a6 9. f3 d6 10. Qd2 Re8 11. O-O-O Nxd4 12. Bxd4 b5 13. g4 Bb7 14. Kb1 Rc8 15. h4 h6 16. Ne2 a5 17. a3 b4 18. axb4 axb4 19. g5 Nh5 20. Bxg7 Kxg7 21. gxh6+ Kh7 22. Bxf7 Rf8 23. Bxg6+ Kxg6 24. Qg5+ Kh7 25. Qxh5 Qe8 26. Qg5 Qf7 27. Nd4 Rc5 28. Qg7+ Qxg7 29. hxg7 Kxg7 30. Ne6+ Kf7 1-0


[Site "https://www.chess.com"]

[Event "Titled Tuesday Blitz November 29 Late 2022"]
[White "Tarnowska, Aleksandra"]
[Black "Storey, Charles H"]
[WhiteFideId "1180967"]
[BlackFideId "406686"]
[WhiteElo "1776"]
[BlackElo "2252"]
[Result "0-1"]
[Round "03"]
[TimeControl "180+1"]
[Date "2022.11.30"]
[WhiteClock "0:00:02"]
[BlackClock "0:00:09"]

1. e4 g6 2. d4 Bg7 3. Be3 c5 4. c3 cxd4 5. Bxd4 Nf6 6. e5 Nh5 7. Nf3 Nc6 8. Bc4 Nf4 9. O-O O-O 10. Nbd2 d5 11. exd6 Nxd4 12. Nxd4 Qxd6 13. Ne4 Qc7 14. Bb3 Bxd4 15. cxd4 Be6 16. d5 Rad8 17. Rc1 Qe5 18. Re1 Bxd5 19. Bxd5 Rxd5 20. Qf3 Nd3 21. Rcd1 Nxe1 22. Rxe1 Rfd8 23. Rf1 Qf5 24. Qe3 Re5 25. f3 b6 26. Qc3 Rxe4 27. fxe4 Qxe4 28. Qb3 e6 29. Kh1 Qd5 30. Qe3 e5 31. Qf2 e4 32. h3 Rd7 33. Re1 f5 34. Qe3 Qd4 35. Qg5 Qd2 36. Qg3 f4 37. Qh4 f3 38. gxf3 exf3 39. Re8+ Kf7 40. Qe4 Qg2# 0-1


[Site "https://www.chess.com"]

[Event "Titled Tuesday Blitz November 29 Late 2022"]
[White "Tisaj, Domen"]
[Black "Bluebaum, Matthias"]
[WhiteFideId "14628708"]
[BlackFideId "24651516"]
[WhiteElo "2709"]
[BlackElo "2953"]
[Result "0-1"]
[Round "03"]
[TimeControl "180+1"]
[Date "2022.11.30"]
[WhiteClock "0:00:07"]
[BlackClock "0:00:47"]

1. e4 e6 2. d4 d5 3. Nc3 Nf6 4. Bg5 dxe4 5. Nxe4 Be7 6. Nxf6+ Bxf6 7. Bxf6 Qxf6 8. Nf3 O-O 9. Bd3 c5 10. Qe2 cxd4 11. Qe4 g6 12. Qxd4 Qxd4 13. Nxd4 e5 14. Nb3 Nc6 15. c3 b6 16. Be4 Bb7 17. O-O-O Rad8 18. Rxd8 Rxd8 19. Rd1 Rxd1+ 20. Kxd1 f5 21. Bd5+ Kf8 22. Kd2 Ke7 23. f3 Kd6 24. Bg8 Ne7 25. Bf7 f4 26. Ke2 Nf5 27. Nd2 Ke7 28. Bg8 h6 29. Bc4 Nd6 30. Bd3 g5 31. b4 Ke6 32. a4 h5 33. h3 Bc6 34. Bc2 Kf6 35. Kd3 Nf5 36. Nf1 Nh4 37. b5 Bb7 38. a5 Nxg2 39. Ke2 Bxf3+ 40. Kxf3 Ne1+ 41. Ke4 Nxc2 42. a6 g4 43. c4 Na3 44. c5 Nxb5 45. cxb6 axb6 46. Kd5 Nc7+ 0-1


[Site "https://www.chess.com"]

[Event "Titled Tuesday Blitz November 29 Late 2022"]
[White "Tomaszewski, Kacper"]
[Black "Bordi, Kevin"]
[WhiteFideId "1127373"]
[BlackFideId "621862"]
[WhiteElo "2211"]
[BlackElo "2819"]
[Result "0-1"]
[Round "03"]
[TimeControl "180+1"]
[Date "2022.11.30"]
[WhiteClock "0:00:02"]
[BlackClock "0:00:16"]

1. h3 d5 2. c3 e5 3. d4 exd4 4. cxd4 Nf6 5. Nc3 c6 6. Bf4 Qb6 7. Qd2 Bf5 8. e3 Nbd7 9. Nf3 Ne4 10. Qc1 Bb4 11. Be2 Qa5 12. O-O Nxc3 13. bxc3 Bxc3 14. Bd6 Bxa1 15. Qxa1 Nf6 16. Qb2 Qb6 17. Qa3 Ne4 18. Be5 f6 19. Nh4 Be6 20. Bh5+ g6 21. Bxg6+ hxg6 22. Nxg6 Kf7 23. Qe7+ Kxg6 24. Qxe6 Rae8 25. Qg4+ Kf7 26. f3 Nd2 27. Qf5 Re6 28. Rd1 Nc4 29. Rb1 Qa6 30. Bxf6 Nxe3 31. Qf4 Rxf6 32. Qxe3 Re8 33. Qg5 Re7 34. Qh5+ Rg6 35. Qf5+ Kg7 36. Rf1 Qe2 37. Rf2 Qe1+ 38. Rf1 Qe3+ 39. Kh2 Qxd4 40. f4 Rf7 41. Qh5 Qd2 0-1


[Site "https://www.chess.com"]

[Event "Titled Tuesday Blitz November 29 Late 2022"]
[White "Toniutti, Ezio"]
[Black "Kobo, Ori"]
[WhiteFideId "113034"]
[BlackFideId "2812320"]
[WhiteElo "2215"]
[BlackElo "2447"]
[Result "0-1"]
[Round "03"]
[TimeControl "180+1"]
[Date "2022.11.30"]
[WhiteClock "0:00:06"]
[BlackClock "0:00:06"]

1. d4 Nf6 2. c4 e6 3. g3 d5 4. Nf3 h6 5. Bg2 Bd6 6. O-O O-O 7. Qc2 Nc6 8. Nbd2 Re8 9. Rd1 b6 10. cxd5 Nb4 11. Qb3 exd5 12. Ne5 Bb7 13. Ndf3 a5 14. Bf4 a4 15. Qc3 Ne4 16. Qc1 a3 17. bxa3 Na6 18. Nd2 Nf6 19. Ndf3 Qe7 20. Nh4 Bxa3 21. Qc2 Nb4 22. Qb3 Bc8 23. Bd2 Be6 24. Bc1 Bxc1 25. Rdxc1 c5 26. a3 Na6 27. Qxb6 c4 28. Nc6 Qd6 29. Rab1 g5 30. Nf3 Bf5 31. Nfe5 Bxb1 32. Rxb1 Qc7 33. Qb7 Rec8 34. Qb2 Kg7 35. Qc2 Qd6 36. Rc1 Nc7 37. Qf5 Qe6 38. Qf3 Nb5 39. Nb4 Rxa3 40. e3 Nxd4 41. Qd1 Qxe5 42. exd4 Qd6 43. Nc2 Ra7 44. Ne3 Qf8 45. Qc2 Kg8 46. h4 gxh4 47. gxh4 Kh8 48. Kh2 Qd6+ 49. Kh1 Rg8 50. Bh3 Qf4 51. Qf5 Qxf5 52. Nxf5 Ne4 53. Rc2 Ra1+ 54. Kh2 Kh7 55. Bg2 Nf6 56. Ne3 Ng4+ 57. Kh3 Nxe3 58. fxe3 Rd8 59. Rf2 Kg7 60. Kg3 Ra3 61. Kf4 c3 62. Rc2 Kf6 63. Bh3 Ke7 64. Bf5 f6 65. Bd3 Rg8 66. e4 dxe4 67. Kxe4 Rg4+ 68. Kf5 Rxh4 69. d5 Rh5+ 70. Ke4 Re5+ 71. Kd4 Kd6 72. Bc4 Rg5 73. Rc1 Rg4+ 74. Kd3 Rg3+ 75. Kd4 Rg4+ 76. Kd3 c2+ 0-1


[Site "https://www.chess.com"]

[Event "Titled Tuesday Blitz November 29 Late 2022"]
[White "Tworuszka, Michal"]
[Black "Young, Ryan"]
[WhiteFideId "1117858"]
[BlackFideId "2049945"]
[WhiteElo "2420"]
[BlackElo "2306"]
[Result "1-0"]
[Round "03"]
[TimeControl "180+1"]
[Date "2022.11.30"]
[WhiteClock "0:01:33"]
[BlackClock "0:00:14"]

1. e4 c5 2. Nf3 e6 3. d4 cxd4 4. Nxd4 a6 5. Bd3 Bc5 6. Nb3 Ba7 7. Qg4 Nf6 8. Qg3 d6 9. O-O Nc6 10. Be3 Nh5 11. Qf3 Nf6 12. Bxa7 Rxa7 13. N1d2 O-O 14. Rad1 b6 15. Rfe1 Rd7 16. h3 Ne5 17. Qe2 Nxd3 18. Qxd3 d5 19. e5 Ne8 20. Nd4 Bb7 21. Re3 g6 22. Rde1 Ng7 23. Rg3 Qc7 24. c3 Rc8 25. N2f3 b5 26. a3 Qc4 27. Qd2 a5 28. Qh6 b4 29. Ng5 Nh5 30. Qxh7+ Kf8 31. Rf3 Rcc7 32. Ngxe6+ Ke7 33. Qxf7# 1-0


[Site "https://www.chess.com"]

[Event "Titled Tuesday Blitz November 29 Late 2022"]
[White "Urazayev, Arystanbek"]
[Black "Carlsen, Magnus"]
[WhiteFideId "13709810"]
[BlackFideId "1503014"]
[WhiteElo "2815"]
[BlackElo "3231"]
[Result "0-1"]
[Round "03"]
[TimeControl "180+1"]
[Date "2022.11.30"]
[WhiteClock "0:00:03"]
[BlackClock "0:00:39"]

1. e4 d6 2. d4 Nf6 3. Nc3 g6 4. Nf3 a6 5. a4 Bg7 6. Bc4 O-O 7. O-O Nc6 8. h3 Nxe4 9. Nxe4 d5 10. Bd3 dxe4 11. Bxe4 Nxd4 12. Nxd4 Qxd4 13. Qf3 c6 14. Rd1 Qf6 15. Qb3 Qe5 16. Bf3 Rb8 17. a5 Be6 18. Qb4 Qc7 19. c3 Rfe8 20. Bf4 Be5 21. Bxe5 Qxe5 22. Qb6 Qb5 23. Qe3 Rbd8 24. b4 Rd6 25. Be2 Qf5 26. Qb6 Bc8 27. Bg4 Qb5 28. Qc7 Bxg4 29. hxg4 Rd5 30. Rxd5 cxd5 31. Re1 e6 32. Re3 Qc6 33. Qe5 Rc8 34. Rf3 Qc7 35. Qf6 h6 36. Rh3 Qd8 37. Qxd8+ Rxd8 38. Rxh6 Rc8 39. Rh3 Rc4 40. g5 Rg4 41. Kf1 Rxg5 42. Rd3 Rg4 43. g3 Kf8 44. Ke2 Rc4 45. Kd2 Ke7 46. f4 g5 47. Rf3 f6 48. Kd3 Kd6 49. fxg5 f5 50. Rf4 Rc7 51. g4 Ke5 52. Rf2 fxg4 53. g6 Rg7 54. Rf7 Rxg6 55. Ke2 g3 56. Kf1 Rf6+ 0-1


[Site "https://www.chess.com"]